 Dungeon Crawl Stone Soup version 0.18-a0-19-g8b99b3a (webtiles) character file.

32 Nopony the Caller (level 3, -1/19 HPs)
             Began as a Deep Elf Summoner on Nov 1, 2015.
             Slain by a gnoll
             ... wielding a +1 spear of chaos
              (4 damage)
             ... on level 2 of the Dungeon.
             The game lasted 00:18:02 (1823 turns).

Nopony the Caller (Deep Elf Summoner)               Turns: 1823, Time: 00:18:03

Health: -1/19      AC:  2    Str:  5    XL:     3   Next: 10%
Magic:  0/10       EV: 13    Int: 20    God:
Gold:   98         SH:  0    Dex: 15    Spells: 3 memorised, 2 levels left

rFire  . . .     SeeInvis .     (no weapon)
rCold  . . .     Clarity  .     a - +0 robe
rNeg   . . .     SustAt   .     (no shield)
rPois  +         Gourm    .     (no helmet)
rElec  .         Spirit   .     (no cloak)
rCorr  .         Warding  .     (no gloves)
rMut   .         Stasis   .     (no boots)
MR     .....                    (no amulet)
Stlth  ++........               (no ring)
                                j - ring of poison resistance

@: drained, not resistant to hostile enchantments, unstealthy
A: no striking features
a: no special abilities


You were on level 2 of the Dungeon.
You were not hungry.

You visited 1 branch of the dungeon, and saw 3 of its levels.

You collected 98 gold pieces.

Inventory:

Hand Weapons
 e - a +0 dagger
 o - a +1 hunting sling of freezing
Missiles
 d - 15 poisoned needles
 i - 68 stones (quivered)
Armour
 a - a +0 robe (worn)
 c - a +0 chain mail
 m - a +0 ring mail
 n - a +0 robe
Jewellery
 j - a ring of poison resistance (left hand)
Scrolls
 h - 3 scrolls of remove curse
 k - a scroll of identify
Potions
 l - a potion of brilliance
 p - a potion of cancellation {unknown}
Books
 b - a book of Callings

   Spells                             Type                      Level
   a - Summon Small Mammal            Summoning                    1
   b - Call Imp                       Summoning                    2
   c - Call Canine Familiar           Summoning                    3
   d - Summon Guardian Golem          Hexes/Summoning              3
   e - Summon Lightning Spire         Summoning/Air                4
   f - Summon Ice Beast               Ice/Summoning                4
Comestibles
 f - 4 fruits
 g - 2 beef jerkies


   Skills:
 - Level 2.5(2.3) Dodging
 + Level 2.5(2.3) Stealth
 + Level 3.8(3.6) Spellcasting
 + Level 5.0(4.8) Summonings


You had 2 spell levels left.
You knew the following spells:

 Your Spells              Type           Power        Failure   Level  Hunger
a - Summon Small Mammal   Summ           ###.         1%          1    None
b - Summon Guardian Gole  Hex/Summ       ##......     17%         3    ###....
c - Call Canine Familiar  Summ           ###.....     8%          3    ###....


Dungeon Overview and Level Annotations

Branches:
Dungeon (3/15)

Altars:


Message History

Your hound closely misses the gnoll.
Your hound bites the gnoll but does no damage.
The gnoll barely misses you. What do you say? t - Shout!
Orders for allies: a - Attack new target. p - Attack previous target. r - Retreat! s - Stop attacking. w - Wait here. f - Follow me.
Anything else - Stay silent.
Gang up on whom?
Press: ? - help, Dir - move target cursor, f/p - gnoll
Aim: a gnoll, wielding a spear of chaos and wearing a chain mail (moderately wounded) Attack!
Your hound closely misses the gnoll.
The gnoll completely misses you.
Your hound bites the gnoll but does no damage.
The gnoll barely misses you.
Your hound bites the gnoll.
The gnoll hits you from afar with a spear of chaos!
* * * LOW HITPOINT WARNING * * *
The gnoll burns you.
You die...

#### ...# ##.#
#### ##### .#
#...###### ##
###......# #.
######@##### ≈..
#.8.....# #.≈.
#g#r###.# .#..#
#h#.# #.# #..≈.
#.#.# #.#
#.#≈#.####.#.# #.#
§.≈.⌠...##.#.# #.#
≈≈.#≈##§##.#.###.#
#≈⌠.. #.##.......#


You could see a gnoll, a friendly hound and a friendly rat.

Vanquished Creatures (collateral kills)
  A gnoll (D:1)
  A worm (D:2)
  A giant gecko (D:2)
  2 giant cockroaches
  9 goblins
  6 hobgoblins
  2 jackals (D:1)
  5 kobolds (D:1)
  4 bats
  2 giant newts (D:1)
  4 rats
37 creatures vanquished.

Notes
Turn   | Place    | Note
--------------------------------------------------------------
     0 | D:1      | Nopony the Deep Elf Summoner began the quest for the Orb.
     0 | D:1      | Reached XP level 1. HP: 10/10 MP: 6/6
   547 | D:1      | Reached XP level 2. HP: 15/15 MP: 4/8
  1210 | D:2      | Reached skill level 5 in Summonings
  1337 | D:2      | Reached XP level 3. HP: 19/19 MP: 5/10
  1342 | D:2      | Learned a level 3 spell: Summon Guardian Golem
  1346 | D:2      | Learned a level 3 spell: Call Canine Familiar
  1823 | D:2      | Slain by a gnoll

Vault maps used:
D:1:      kilobyte_arrival_exit_the_forest
D:2:      nicolae_overflow_hidden_temple, tgw_xom
D:3:      overflow_temple_1_default, fedhas_altar_fruit_tree,
          overflow_temple_1_default, first_bread

Action                   || total
-------------------------++-------
Melee: Unarmed           ||    22
 Cast: Summon Small Mamm ||    73
       Call Canine Famil ||     4
       Summon Guardian G ||     3
  Use: Scroll            ||     2
  Eat: Beef jerky        ||     1
       Bread ration      ||     1
